 Dungeon Crawl Stone Soup version 0.22-a0-322-g60b3cfd (webtiles) character file.

54 Kairos the Covered (level 3, 0/30 HPs)
             Began as a Barachi Fighter on Apr 5, 2018.
             Slain by an ogre
             ... wielding a +0 giant club
              (9 damage)
             ... on level 2 of the Dungeon.
             The game lasted 00:01:00 (909 turns).

Kairos the Covered (Barachi Fighter)                 Turns: 909, Time: 00:01:01

Health: 0/30       AC:  7    Str: 22    XL:     3   Next: 91%
Magic:  3/3        EV:  7    Int:  8    God:
Gold:   129        SH:  9    Dex: 12    Spells: 2/2 levels left

rFire    . . .     SeeInvis .   a - +0 flail
rCold    . . .     Gourm    .   c - +0 shield
rNeg     . . .     Faith    .   b - +0 scale mail
rPois    .         Spirit   .   (no helmet)
rElec    .         Reflect  .   (no cloak)
rCorr    .         Harm     .   (no gloves)
MR       .....                  (no boots)
Stlth    ..........             (no amulet)
HPRegen  0.10/turn              (no ring)
MPRegen  0.08/turn              (no ring)

@: mighty, slow
A: +LOS, swims, slowness 1, strong legs 1
a: Hop


You were on level 2 of the Dungeon.
You were hungry.

You visited 1 branch of the dungeon, and saw 2 of its levels.

You collected 129 gold pieces.

Inventory:

Hand Weapons
 a - a +0 flail (weapon)
Armour
 b - a +0 scale mail (worn)
 c - a +0 shield (worn)
Scrolls
 e - 2 scrolls of enchant armour {unknown}
 i - 5 scrolls of identify {unknown}
 j - a scroll of fog {unknown}
 m - a scroll of fear {unknown}
 n - a scroll of magic mapping {unknown}
 o - a scroll of noise {unknown}
 p - a scroll of immolation {unknown}
 q - a scroll of random uselessness {unknown}
Potions
 g - a potion of brilliance {unknown}
 h - a potion of flight {unknown}
 k - 2 potions of curing {unknown}
 l - 2 potions of resistance {unknown}
Comestibles
 f - 2 rations


   Skills:
 + Level 3.9 Fighting
 + Level 3.4 Maces & Flails
 + Level 4.1 Armour
 + Level 3.7 Shields


You had 2 spell levels left.
You didn't know any spells.

Dungeon Overview and Level Annotations

Branches:
Dungeon (2/15)

Altars:


Innate Abilities, Weirdness & Mutations

Shadows flee at your approach. (+LOS)
You can swim through water.
You cover ground slowly.
You can hop short distances.


Message History

Your shield prevents you from hitting the goblin.
The goblin hits you but does no damage.
A quokka and a goblin come into view.
The goblin shouts!
You thump the goblin!
You kill the goblin!
A rat comes into view.
Your shield and scale mail prevent you from hitting the ogre.
The ogre hits you with a giant club!
Okay, then.
You feel very mighty all of a sudden. You block the ogre's attack.
You thump the ogre!
The ogre is moderately wounded.
The ogre hits you with a giant club!
* * * LOW HITPOINT WARNING * * *
Your shield and scale mail prevent you from hitting the ogre.
The ogre is moderately wounded.
The ogre hits you with a giant club!
You die...

#.##.####.#.#.....#
##
#......#..#.#.....#
#.
#.......##.#.....###.
#......##..######....
#.........## #...###
#.....#...#####.###
#.....##........#
##.#.####.......# #
#@# #.####...# #O#
#.# ###....# #r# #..
###.> g.< #.. # .r.
...) .. ..... ... ..
..... ≈§ ≈. #.#...§
§≈ #.#.... .


You could see an ogre, a quokka, a goblin and a rat.

Vanquished Creatures
  An adder (D:2)
  An ooze (D:1)
  A worm (D:2)
  2 dart slugs (D:1)
  A leopard gecko (D:1)
  A giant cockroach (D:1)
  4 goblins
  3 hobgoblins (D:1)
  4 jackals (D:2)
  2 kobolds
  6 bats
  2 frilled lizards (D:1)
  3 rats
31 creatures vanquished.

Notes
Turn   | Place    | Note
-------+----------+-------------------------------------------
     0 | D:1      | Kairos the Barachi Fighter began the quest for the Orb.
     0 | D:1      | Reached XP level 1. HP: 18/18 MP: 1/1
   162 | D:1      | Reached XP level 2. HP: 22/25 MP: 2/2
   373 | D:1      | Reached XP level 3. HP: 30/30 MP: 3/3
   779 | D:2      | Reached skill level 4 in Armour
   829 | D:2      | Found a faded altar of an unknown god.
   902 | D:2      | Noticed an ogre
   909 | D:2      | Slain by an ogre

Vault maps used:
D:1:      dpeg_arrival_boxes_within_box, hangedman_abyss_or_decor_stabs
D:2:      chequers_ecumenical_altar_island, kennysheep_decorative_pillar

Skill      XL: |  1  2  3 |
---------------+----------+-----
Maces & Flails | 3 |  3.4
Armour         | 4 |  4.1
Fighting       | |  3.9
Shields        | |  3.7

Action                   || total
-------------------------++-------
Melee: Flail             ||   102
  Use: Potion            ||     1
Armor: Scale mail        ||    71
Dodge: Dodged            ||    30
Block: Shield            ||    50

Table legend:
 A = Spawn XP
 B = Non-spawn XP
 C = Spawn XP percentage of total XP
 D = Spawn monster count
 E = Non-spawn monster count
 F = Spawn count percentage of total count
 G = Total turns spent on level
                    A         B        C        D         E        F      G
               +---------+---------+-------+---------+---------+-------+---------
         Total |       0 |      78 |   0.0 |       0 |      31 |   0.0 |   909
               +---------+---------+-------+---------+---------+-------+---------
           D:1 |       0 |      36 |   0.0 |       0 |      16 |   0.0 |   678
           D:2 |       0 |      42 |   0.0 |       0 |      15 |   0.0 |   231
               +---------+---------+-------+---------+---------+-------+---------
